| TOP OF THE 1ST |
|
San Antonio Missions batting - Pitching for San Jose Giants : RHP Isidro Aguirre
|
|
Pitching: RHP Isidro Aguirre
|
|
|
Batting: LHB Pat Aviles
|
0-0: Ball 1-0: Foul Ball, location: 2F 1-1: Ball 2-1: SINGLE (Groundball, 34D, EV 94.4 MPH)
|
|
Batting: RHB Kory Sanchez
|
0-0: Called Strike 0-1: Called Strike 0-2: Fly out, F7 (Flyball, 7D, EV 96.2 MPH)
|
|
Batting: RHB Jesse White
|
0-0: Ball Wild Pitch! Pat Aviles to second 1-0: Fly out, F7 (Flyball, 78D, EV 91.9 MPH)
|
|
Batting: LHB Chad Cutler
|
0-0: Swinging Strike 0-1: Ball 1-1: 2-RUN HOME RUN (Line Drive, 9D, EV 98.8 MPH), Distance : 391 ft
|
|
Batting: RHB Chase Briney
|
0-0: Ball 1-0: Foul Ball, location: 2F 1-1: Ground out 3-1 (Groundball, 34, EV 85.0 MPH)
|
| Top of the 1st over - 2 runs, 2 hits, 0 errors, 0 left on base; San Antonio 2 - San Jose 0 |
| BOTTOM OF THE 1ST |
|
San Jose Giants batting - Pitching for San Antonio Missions : RHP Chris Wood
|
|
Pitching: RHP Chris Wood
|
|
|
Batting: RHB Mike Zepeda
|
0-0: Swinging Strike 0-1: Foul Ball, location: 2F 0-2: Ball 1-2: Ball 2-2: Foul Ball, location: 2F 2-2: Ball 3-2: SINGLE (Flyball, 9LS, EV 92.5 MPH)
|
|
Batting: SHB Jason Anaya
|
0-0: Ball 1-0: Called Strike 1-1: Ball 2-1: Ball 3-1: Foul Ball, location: 2F 3-2: Strikes out swinging
|
|
Batting: LHB Mike Roberts
|
0-0: Called Strike 0-1: Ball 1-1: Ground out 6-3 (Groundball, 6S, EV 64.4 MPH) Mike Zepeda to second
|
|
Batting: RHB Billy Pranger
|
0-0: Foul Ball, location: 2F 0-1: Called Strike 0-2: Ball 1-2: Reached on error, E2 (Groundball, 15S, EV 60.6 MPH) Mike Zepeda scores
|
|
Batting: LHB Jay Fenderson
|
0-0: Called Strike 0-1: Ball 1-1: Fly out, F8 (Flyball, 8RD, EV 90.0 MPH)
|
| Bottom of the 1st over - 1 run, 1 hit, 1 error, 1 left on base; San Antonio 2 - San Jose 1 |
| TOP OF THE 2ND |
|
San Antonio Missions batting - Pitching for San Jose Giants : RHP Isidro Aguirre
|
|
Batting: RHB Caleb Russell
|
0-0: Foul Ball, location: 2F 0-1: Foul Ball, location: 2F 0-2: Ball 1-2: Ball 2-2: Foul Ball, location: 2F 2-2: Foul Ball, location: 2F 2-2: Strikes out swinging
|
|
Batting: SHB Isaiah Scates
|
0-0: Fly out, F9 (Flyball, 9LMF, EV 85.6 MPH)
|
|
Batting: RHB Travis Carter
|
0-0: Called Strike 0-1: Ball 1-1: Ball 2-1: Ball 3-1: Fly out, F8 (Flyball, 8LM, EV 85.6 MPH)
|
| Top of the 2nd over - 0 runs, 0 hits, 0 errors, 0 left on base; San Antonio 2 - San Jose 1 |
| BOTTOM OF THE 2ND |
|
San Jose Giants batting - Pitching for San Antonio Missions : RHP Chris Wood
|
|
Batting: RHB Chris Bittner
|
0-0: Ball 1-0: Called Strike 1-1: Ball 2-1: DOUBLE (Flyball, 78D, EV 105.0 MPH)
|
|
Batting: LHB Shane Cruse
|
0-0: Ball 1-0: Ball 2-0: Called Strike 2-1: Fly out, F6 (Line Drive, 4M, EV 68.8 MPH)
|
|
Batting: RHB Adam Noyes
|
0-0: Ground out 6-3 (Groundball, 6, EV 85.0 MPH)
|
|
Batting: LHB Yeong-hun Joe
|
0-0: Ball 1-0: Called Strike 1-1: Called Strike 1-2: SINGLE (Groundball, 4MD, EV 101.9 MPH) Chris Bittner to third
|
|
Batting: RHB Mike Zepeda
|
0-0: Called Strike 0-1: Foul Ball, location: 2F 0-2: Strikes out swinging
|
| Bottom of the 2nd over - 0 runs, 2 hits, 0 errors, 2 left on base; San Antonio 2 - San Jose 1 |
| TOP OF THE 3RD |
|
San Antonio Missions batting - Pitching for San Jose Giants : RHP Isidro Aguirre
|
|
Batting: RHB Mike MacLeod
|
0-0: Ball 1-0: Foul Ball, location: 2F 1-1: Swinging Strike 1-2: Ball 2-2: Ball 3-2: Strikes out swinging
|
|
Batting: LHB Pat Aviles
|
0-0: Ball 1-0: Called Strike 1-1: Ball 2-1: Called Strike 2-2: Ball 3-2: Base on Balls
|
|
Batting: RHB Kory Sanchez
|
0-0: Ball 1-0: Called Strike 1-1: Called Strike 1-2: Foul Ball, location: 2F 1-2: Ball 2-2: Foul Ball, location: 2F 2-2: Ball 3-2: Foul Ball, location: 2F 3-2: Base on Balls Pat Aviles to second
|
|
Batting: RHB Jesse White
|
0-0: Ball 1-0: DOUBLE (Line Drive, 7LM, EV 94.4 MPH) Pat Aviles scores Kory Sanchez to third
|
|
Batting: LHB Chad Cutler
|
0-0: Ball 1-0: Called Strike 1-1: Fly out, F5 (Popup, 56, EV 72.5 MPH)
|
|
Batting: RHB Chase Briney
|
0-0: Ground out 5-3 (Groundball, 56, EV 104.4 MPH)
|
| Top of the 3rd over - 1 run, 1 hit, 0 errors, 2 left on base; San Antonio 3 - San Jose 1 |
| BOTTOM OF THE 3RD |
|
San Jose Giants batting - Pitching for San Antonio Missions : RHP Chris Wood
|
|
Batting: SHB Jason Anaya
|
0-0: Ball 1-0: Fly out, F5 (Popup, 6, EV 70.6 MPH)
|
|
Batting: LHB Mike Roberts
|
0-0: Called Strike 0-1: Called Strike 0-2: Fly out, F8 (Flyball, 78D, EV 98.8 MPH)
|
|
Batting: RHB Billy Pranger
|
0-0: Called Strike 0-1: Ball 1-1: Ball 2-1: Ball 3-1: Foul Ball, location: 2F 3-2: DOUBLE (Line Drive, 7LM, EV 96.9 MPH)
|
|
Batting: LHB Jay Fenderson
|
0-0: Ball 1-0: Foul Ball, location: 2F 1-1: Ball 2-1: Ball 3-1: Ground out 4-3 (Groundball, 4, EV 78.8 MPH)
|
| Bottom of the 3rd over - 0 runs, 1 hit, 0 errors, 1 left on base; San Antonio 3 - San Jose 1 |
| TOP OF THE 4TH |
|
San Antonio Missions batting - Pitching for San Jose Giants : RHP Isidro Aguirre
|
|
Batting: RHB Caleb Russell
|
0-0: Called Strike 0-1: Ball 1-1: Foul Ball, location: 2F 1-2: Strikes out swinging
|
|
Batting: SHB Isaiah Scates
|
0-0: Called Strike 0-1: Ball 1-1: Foul Ball, location: 2F 1-2: Strikes out looking
|
|
Batting: RHB Travis Carter
|
0-0: Ball 1-0: Foul Ball, location: 2F 1-1: Called Strike 1-2: Foul Ball, location: 2F 1-2: Foul Ball, location: 2F 1-2: Ball 2-2: Fly out, F8 (Flyball, 8RD, EV 110.0 MPH)
|
| Top of the 4th over - 0 runs, 0 hits, 0 errors, 0 left on base; San Antonio 3 - San Jose 1 |
| BOTTOM OF THE 4TH |
|
San Jose Giants batting - Pitching for San Antonio Missions : RHP Chris Wood
|
|
Batting: RHB Chris Bittner
|
0-0: Swinging Strike 0-1: Ball 1-1: Foul Ball, location: 2F 1-2: Strikes out swinging
|
|
Batting: LHB Shane Cruse
|
0-0: Ball 1-0: Foul Ball, location: 2F 1-1: Ball 2-1: Foul Ball, location: 2F 2-2: Ball 3-2: Base on Balls
|
|
Batting: RHB Adam Noyes
|
0-0: Grounds into double play, 5-4-3 (Groundball, 56, EV 96.2 MPH)
|
| Bottom of the 4th over - 0 runs, 0 hits, 0 errors, 0 left on base; San Antonio 3 - San Jose 1 |
| TOP OF THE 5TH |
|
San Antonio Missions batting - Pitching for San Jose Giants : RHP Isidro Aguirre
|
|
Batting: RHB Mike MacLeod
|
0-0: Ball 1-0: Ball 2-0: Ball 3-0: Called Strike 3-1: Base on Balls
|
|
Batting: LHB Pat Aviles
|
0-0: Ball 1-0: Fly out, F8 (Flyball, 8LM, EV 85.0 MPH)
|
|
Batting: RHB Kory Sanchez
|
0-0: Called Strike 0-1: Called Strike 0-2: Ball 1-2: Ground out 6-3 (Groundball, 56, EV 85.0 MPH) Mike MacLeod to second
|
|
Batting: RHB Jesse White
|
0-0: Called Strike 0-1: SINGLE (Groundball, 4MD, EV 105.6 MPH) Mike MacLeod to third Runner from 3rd tries for Home, SAFE, throw by CF to home
|
|
Batting: LHB Chad Cutler
|
0-0: Called Strike 0-1: Called Strike 0-2: Fly out, F8 (Line Drive, 8RD, EV 102.5 MPH)
|
| Top of the 5th over - 1 run, 1 hit, 0 errors, 1 left on base; San Antonio 4 - San Jose 1 |
| BOTTOM OF THE 5TH |
|
San Jose Giants batting - Pitching for San Antonio Missions : RHP Chris Wood
|
|
Batting: LHB Yeong-hun Joe
|
0-0: Called Strike 0-1: Ball 1-1: Fly out, F7 (Flyball, 7D, EV 90.0 MPH)
|
|
Batting: RHB Mike Zepeda
|
0-0: Ball 1-0: Ball 2-0: DOUBLE (Line Drive, 78D, EV 113.8 MPH)
|
|
Batting: SHB Jason Anaya
|
0-0: Ball 1-0: Called Strike 1-1: Called Strike 1-2: Fly out, F8 (Flyball, 8RS, EV 76.2 MPH)
|
|
Batting: LHB Mike Roberts
|
0-0: Ball 1-0: Ball 2-0: Ball 3-0: Base on Balls
|
|
Batting: RHB Billy Pranger
|
0-0: Foul Ball, location: 2F 0-1: Ball 1-1: Ball 2-1: Ball Wild Pitch! Mike Zepeda to third Mike Roberts to second 3-1: Foul Ball, location: 2F 3-2: Ground out 6-3 (Groundball, 6, EV 103.1 MPH)
|
| Bottom of the 5th over - 0 runs, 1 hit, 0 errors, 2 left on base; San Antonio 4 - San Jose 1 |
| TOP OF THE 6TH |
|
San Antonio Missions batting - Pitching for San Jose Giants : RHP Isidro Aguirre
|
|
Batting: RHB Chase Briney
|
0-0: Ball 1-0: Called Strike 1-1: Ground out 6-3 (Groundball, 6S, EV 64.4 MPH)
|
|
Batting: RHB Caleb Russell
|
0-0: Ball 1-0: Ball 2-0: Called Strike 2-1: Called Strike 2-2: Strikes out swinging passed ball, reaches first!
|
|
Pitching: RHP Kevin Spencer
|
|
|
Batting: SHB Isaiah Scates
|
0-0: Swinging Strike 0-1: Called Strike 0-2: Ball 1-2: Grounds into double play, 4-6-3 (Groundball, 4, EV 111.2 MPH)
|
| Top of the 6th over - 0 runs, 0 hits, 0 errors, 0 left on base; San Antonio 4 - San Jose 1 |
| BOTTOM OF THE 6TH |
|
San Jose Giants batting - Pitching for San Antonio Missions : RHP Chris Wood
|
|
Batting: LHB Jay Fenderson
|
0-0: Called Strike 0-1: Fly out, F8 (Flyball, 8RS, EV 81.9 MPH)
|
|
Batting: RHB Chris Bittner
|
0-0: SOLO HOME RUN (Line Drive, 7D, EV 99.4 MPH), Distance : 383 ft
|
|
Batting: LHB Shane Cruse
|
0-0: Ball 1-0: Foul Ball, location: 2F 1-1: Ball 2-1: Ball 3-1: Base on Balls
|
|
Batting: RHB Adam Noyes
|
0-0: Ball 1-0: Ball 2-0: Fly out, F8 (Flyball, 8LD, EV 90.6 MPH)
|
|
Batting: LHB Yeong-hun Joe
|
0-0: Ball 1-0: Ball 2-0: Called Strike 2-1: Called Strike 2-2: Foul Ball, location: 2F 2-2: Fly out, F8 (Flyball, 8RD, EV 104.4 MPH)
|
| Bottom of the 6th over - 1 run, 1 hit, 0 errors, 1 left on base; San Antonio 4 - San Jose 2 |
| TOP OF THE 7TH |
|
San Antonio Missions batting - Pitching for San Jose Giants : RHP Kevin Spencer
|
|
Batting: RHB Travis Carter
|
0-0: Ball 1-0: Ball 2-0: Called Strike 2-1: Foul Ball, location: 2F 2-2: Ball 3-2: Base on Balls
|
|
Batting: RHB Mike MacLeod
|
0-0: Grounds into double play, 4-6-3 (Groundball, 4, EV 110.0 MPH)
|
|
Batting: LHB Pat Aviles
|
0-0: Ball 1-0: Foul Ball, location: 2F 1-1: Foul Ball, location: 2F 1-2: Strikes out looking
|
| Top of the 7th over - 0 runs, 0 hits, 0 errors, 0 left on base; San Antonio 4 - San Jose 2 |
| BOTTOM OF THE 7TH |
|
San Jose Giants batting - Pitching for San Antonio Missions : RHP Chris Wood
|
|
Pitching: RHP Rich Reinbolt
|
|
|
Batting: RHB Mike Zepeda
|
0-0: Ball 1-0: Called Strike 1-1: Ball 2-1: Ball 3-1: Base on Balls
|
|
Batting: SHB Jason Anaya
|
0-0: Ball 1-0: Ball 2-0: Called Strike Mike Zepeda is caught stealing 2nd base 2-6 2-1: Ground out U3 (Groundball, 3, EV 92.5 MPH)
|
|
Batting: LHB Mike Roberts
|
0-0: Ball 1-0: Swinging Strike 1-1: Ball 2-1: Foul Ball, location: 2F 2-2: Foul Ball, location: 2F 2-2: Foul Ball, location: 2F 2-2: Ball 3-2: Ground out 4-3 (Groundball, 4, EV 102.5 MPH)
|
| Bottom of the 7th over - 0 runs, 0 hits, 0 errors, 0 left on base; San Antonio 4 - San Jose 2 |
| TOP OF THE 8TH |
|
San Antonio Missions batting - Pitching for San Jose Giants : RHP Kevin Spencer
|
|
Batting: RHB Kory Sanchez
|
0-0: Ball 1-0: Ball 2-0: Foul Ball, location: 2F 2-1: Foul Ball, location: 2F 2-2: Ground out 5-3 (Groundball, 5S, EV 81.2 MPH)
|
|
Batting: RHB Jesse White
|
0-0: Ball 1-0: Foul Ball, location: 2F 1-1: Fly out, F4 (Popup, 3S, EV 86.2 MPH)
|
|
Batting: LHB Chad Cutler
|
0-0: Foul Ball, location: 2F 0-1: DOUBLE (Flyball, 8LXD, EV 106.9 MPH)
|
|
Batting: RHB Chase Briney
|
0-0: Called Strike 0-1: Ball 1-1: Ball 2-1: Ground out 6-3 (Groundball, 56, EV 87.5 MPH)
|
| Top of the 8th over - 0 runs, 1 hit, 0 errors, 1 left on base; San Antonio 4 - San Jose 2 |
| BOTTOM OF THE 8TH |
|
San Jose Giants batting - Pitching for San Antonio Missions : RHP Rich Reinbolt
|
|
Now at 1B: Niek de Haan
|
|
|
Now at 2B: Jaden Scott
|
|
|
Now in LF: Caleb Russell
|
|
|
Batting: RHB Billy Pranger
|
0-0: SINGLE (Groundball, 4, EV 90.6 MPH) (infield hit)
|
|
Batting: LHB Jay Fenderson
|
0-0: Swinging Strike 0-1: Called Strike 0-2: Foul Ball, location: 2F 0-2: Strikes out swinging
|
|
Batting: RHB Chris Bittner
|
0-0: Called Strike 0-1: Grounds into double play, 6-4-3 (Groundball, 6, EV 86.2 MPH)
|
| Bottom of the 8th over - 0 runs, 1 hit, 0 errors, 0 left on base; San Antonio 4 - San Jose 2 |
| TOP OF THE 9TH |
|
San Antonio Missions batting - Pitching for San Jose Giants : RHP Kevin Spencer
|
|
Pitching: RHP Mike Flynn
|
|
|
Batting: RHB Caleb Russell
|
0-0: Called Strike 0-1: Foul Ball, location: 2F 0-2: Ball 1-2: Ball 2-2: SINGLE (Groundball, 6S, EV 65.6 MPH) (infield hit)
|
|
Batting: SHB Isaiah Scates
|
0-0: Ball 1-0: Foul Ball, location: 2F 1-1: Fly out, F9 (Line Drive, 9, EV 96.2 MPH)
|
|
Batting: RHB Travis Carter
|
0-0: Ball 1-0: Ball 2-0: Called Strike 2-1: Ball 3-1: Called Strike 3-2: Strikes out swinging
|
|
Batting: RHB Mike MacLeod
|
0-0: Called Strike 0-1: Ball 1-1: Swinging Strike 1-2: Ball 2-2: Ball 3-2: Strikes out looking
|
| Top of the 9th over - 0 runs, 1 hit, 0 errors, 1 left on base; San Antonio 4 - San Jose 2 |
| BOTTOM OF THE 9TH |
|
San Jose Giants batting - Pitching for San Antonio Missions : RHP Rich Reinbolt
|
|
Batting: LHB Shane Cruse
|
0-0: Ball 1-0: Ground out 6-3 (Groundball, 56, EV 85.6 MPH)
|
|
Pinch Hitting: LHB Ho-win Zhou
|
0-0: Ball 1-0: Ball 2-0: SINGLE (Line Drive, 9S, EV 110.6 MPH)
|
|
Pinch Hitting: RHB Azedine Kirui
|
0-0: Called Strike 0-1: Swinging Strike 0-2: Foul Ball, location: 2F 0-2: Fielders Choice at 2nd, 5-4 (Groundball, 56, EV 81.9 MPH)
|
|
Batting: RHB Mike Zepeda
|
0-0: Ball 1-0: Foul Ball, location: 2F 1-1: Foul Ball, location: 2F 1-2: Strikes out swinging
|
| Bottom of the 9th over - 0 runs, 1 hit, 0 errors, 1 left on base; San Antonio 4 - San Jose 2 |
|